 Dungeon Crawl Stone Soup version 0.26-a0-490-gf8362a0c98 (webtiles) character file.

Game seed: 763950653192101036

10574 ReteAZ the Slicer (level 11, -18/89 HPs)
             Began as a Gnoll Wanderer on Aug 4, 2020.
             Was a Believer of Qazlal.
             Killed from afar by a fire dragon (37 damage)
             ... with a blast of flame
             ... on level 11 of the Dungeon.
             The game lasted 00:19:04 (14301 turns).

ReteAZ the Slicer (Gnoll Wanderer)                 Turns: 14301, Time: 00:19:05

Health: -18/89     AC: 21    Str: 18    XL:     11   Next: 64%
Magic:  20/20      EV: 10    Int: 13    God:    Qazlal [**....]
Gold:   465        SH: 14    Dex: 21    Spells: 23/23 levels left

rFire    . . .     SeeInvis .   y - +6 spear
rCold    + . .     Faith    .   P - +0 kite shield
rNeg     . . .     Spirit   .   W - +0 chain mail (curse)
rPois    +         Reflect  .   T - +1 hat
rElec    .         Harm     .   Q - +1 cloak
rCorr    .                      S - +1 pair of gloves
MR       .....                  H - +0 pair of boots
Stlth    +.........             (no amulet)
HPRegen  0.24/turn              f - ring of protection from cold
MPRegen  0.17/turn              F - ring of Sudo {rPois AC+4 Dex+5 Slay+3}

@: mighty, berserk cooldown, slowed, invisible, very slow
A: distributed training, fangs 1, strong nose
a: Upheaval, Renounce Religion


You were on level 11 of the Dungeon.
You worshipped Qazlal.
Qazlal was pleased with you.
You visited 2 branches of the dungeon, and saw 12 of its levels.
You also visited: Sewer.

You collected 591 gold pieces.
You spent 126 gold pieces at shops.

Inventory:

Hand Weapons
 a - a +2 short sword
 b - a +0 hand axe
 d - a +3 dagger
 y - a +6 spear (weapon)
 U - a +0 broad axe
 V - a +1 vampiric trident
Missiles
 h - 5 javelins
 m - 68 poisoned darts (quivered)
 L - 4 boomerangs
Armour
 c - a +0 ring mail
 l - a +0 plate armour
 A - a +2 scale mail of positive energy
 G - a scarf of repulsion
 H - a +0 pair of boots (worn)
 N - +0 acid dragon scales
 P - a +0 kite shield (worn)
 Q - a +1 cloak (worn)
 S - a +1 pair of gloves (worn)
 T - a +1 hat (worn)
 W - a cursed +0 chain mail (worn)
 Y - a cursed +0 chain mail
 Z - +0 steam dragon scales
Jewellery
 f - a ring of protection from cold (left hand)
 F - the ring of Sudo (right hand) {rPois AC+4 Dex+5 Slay+3}
   (You found it on level 6 of the Dungeon)

   [ring of protection]

   It affects your AC (+4).
   It affects your dexterity (+5).
   It affects your accuracy and damage with ranged weapons and melee attacks
   (+3).
   It protects you from poison.
Wands
 B - a wand of iceblast (17)
 M - a wand of random effects (13)
 X - a wand of paralysis (4)
Scrolls
 e - 5 scrolls of remove curse
 g - a scroll of magic mapping
 i - a scroll of fear
 o - 5 scrolls of teleportation {unknown}
 s - 3 scrolls of blinking {unknown}
 t - 4 scrolls of enchant armour {unknown}
 v - a scroll of noise {unknown}
 w - 2 scrolls of amnesia {unknown}
 x - 2 scrolls of fog {unknown}
 C - 2 scrolls of immolation {unknown}
 E - 5 scrolls of random uselessness {unknown}
 I - 2 scrolls of enchant weapon {unknown}
 J - a scroll of silence {unknown}
 K - a scroll of identify
Potions
 j - 3 potions of mutation
 k - 7 potions of curing
 n - 2 potions of brilliance
 p - a potion of haste
 q - 3 potions of heal wounds
 r - a potion of stabbing
 z - 3 potions of flight
 D - 2 potions of might
 O - a potion of lignification
 R - a potion of berserk rage


   Skills:
 + Level 9.3 Fighting
 + Level 9.3 Short Blades
 + Level 6.5 Long Blades
 + Level 6.5 Axes
 + Level 6.5 Maces & Flails
 + Level 6.5 Polearms
 + Level 6.5 Staves
 + Level 6.5 Slings
 + Level 6.5 Bows
 + Level 6.5 Crossbows
 + Level 8.0 Throwing
 + Level 7.0 Armour
 + Level 7.0 Dodging
 + Level 6.5 Stealth
 + Level 6.5 Shields
 + Level 6.5 Unarmed Combat
 + Level 6.5 Spellcasting
 + Level 5.3 Conjurations
 + Level 5.3 Hexes
 + Level 5.3 Summonings
 + Level 5.3 Necromancy
 + Level 5.3 Translocations
 + Level 5.3 Transmutations
 + Level 5.3 Fire Magic
 + Level 5.3 Ice Magic
 + Level 5.3 Air Magic
 + Level 5.3 Earth Magic
 + Level 5.3 Poison Magic
 + Level 7.1 Invocations
 + Level 6.5 Evocations


You had 23 spell levels left.
You didn't know any spells.
Your spell library contained the following spells:

 Spells                   Type           Power        Failure   Level
 Beastly Appendage        Tmut           ###...       47%         1
 Wereblood                Tmut           ###.....     63%         2
 Spider Form              Tmut/Pois      ###.......   85%         3
 Ice Form                 Ice/Tmut       ###.....     99%         4
 Blade Hands              Tmut           ###.......   100%        5
 Irradiate                Conj/Tmut      ###.......   100%        5
 Hydra Form               Tmut           ###.......   100%        6
 Statue Form              Tmut/Erth      ###......    100%        6
 Dragon Form              Tmut           ###.......   100%        7


Dungeon Overview and Level Annotations

Branches:
Dungeon (11/15)            Temple (1/1) D:7           Sewer (visited)
   Lair: D:8-11         Orc: D:9-12

Altars:
Ashenzari
Cheibriados
Dithmenos
Elyvilon
Fedhas
Gozag
Hepliaklqana
Kikubaaqudgha
Makhleb
Nemelex Xobeh
Okawaru
Qazlal
Ru
Sif Muna
Trog
Uskayaw
Vehumet
Wu Jian
Xom
Yredelemnul
Zin
The Shining One

Shops:
D:10 [!::(

Annotations:
D:6 exclusion: 4 doors
D:8 1 exclusion
D:10 2 transporters, Valentain's ghost, novice OpIE


Innate Abilities, Weirdness & Mutations

Your experience applies equally to all skills.
You have very sharp teeth.
Your uncanny sense of smell can sniff out nearby items.


Message History

Press: ? - help, Dir - move target cursor, f/p - fire dragon
Aim: a fire dragon (moderately wounded, catching its breath)
You puncture the fire dragon!
The fire dragon is moderately wounded.
You block the fire dragon's attack.
The fire dragon claws you but does no damage.
The fire dragon misses you.
You feel much better. You block the fire dragon's attack.
The fire dragon barely misses you.
The fire dragon tramples you but does no damage.
The fire dragon barely misses you. The fire dragon claws you!
* * * LOW HITPOINT WARNING * * *
The fire dragon tramples you.
* * * LOW HITPOINT WARNING * * *
You stumble backwards!
Unknown command.
You fade into invisibility!
The fire dragon breathes flames at you. The blast of flame hits you!!!
You die...

##########
(....D...#
...#####.##
#.####...##
#.........#
######....#
##D#.# #@#.#
..#### #.#.#
...... ..#.#
P..P.. ####.#
.P..P.#######.#
........#.....#
.sP..P..#.#####
...P....#.#
...PP...†.#


You could see a fire dragon (catching breath).

Vanquished Creatures
  Gastronok (D:7)
  Fannar (D:10)
  An unseen horror (D:10)
  A centaur zombie (D:11)
  Maggie (D:7)
  A hornet (D:8)
  Grinder (D:4)
  3 hippogriffs
  A meliai zombie (D:10)
  A wraith (D:10)
  5 yaks
  Grum (D:10)
  A steam dragon (D:11)
  2 vampire mosquitoes (D:10)
  Edmund (D:5)
  Duvessa (D:4)
  2 water moccasins (D:11)
  3 porcupines (D:11)
  2 orc warriors
  A sky beast (D:8)
  2 black bears
  An ice beast (D:9)
  3 wolves (D:10)
  2 ogres
  A centaur (D:9)
  2 big kobolds
  3 bullfrogs
  A wyvern skeleton (D:9)
  2 scorpions
  Dowan (D:5)
  16 wights
  A howler monkey (D:6)
  2 quasits
  2 bullfrog zombies
  4 hounds
  6 orc priests
  3 bullfrog skeletons
  3 jellies
  15 orc wizards
  An iguana (D:11)
  Natasha (twice) (D:2)
  10 worker ants
  A howler monkey zombie (D:5)
  4 gnolls
  9 adders
  5 river rats
  2 shadow imps
  2 white imps
  An ooze (D:2)
  2 adder zombies
  An adder skeleton (D:3)
  5 worms (D:3)
  8 dart slugs
  11 leopard geckos
  25 orcs
  5 giant cockroaches
  11 goblins
  9 hobgoblins
  7 jackals
  14 kobolds
  A quokka (D:6)
  2 ball pythons (D:1)
  5 bats
  6 frilled lizards
  A jackal skeleton (D:8)
  2 leopard gecko skeletons
  10 rats
263 creatures vanquished.

Vanquished Creatures (others)
  40 fungi (D:11)
  16 plants (D:11)
56 creatures vanquished.

Grand Total: 319 creatures vanquished

Notes
Turn   | Place    | Note
-------+----------+-------------------------------------------
     0 | D:1      | ReteAZ the Gnoll Wanderer began the quest for the Orb.
     0 | D:1      | ReteAZ set off with the following items: a +2 short sword,
                  | a +0 hand axe, a +0 ring mail
     0 | D:1      | Reached XP level 1. HP: 23/23 MP: 1/1
    23 | D:1      | Reached XP level 2. HP: 15/29 MP: 2/2
   433 | D:1      | Reached XP level 3. HP: 34/35 MP: 3/3
   727 | D:1      | Reached skill level 1 in Invocations
   912 | D:1      | Reached skill level 1 in Long Blades
   912 | D:1      | Reached skill level 1 in Axes
   912 | D:1      | Reached skill level 1 in Maces & Flails
   912 | D:1      | Reached skill level 1 in Polearms
   912 | D:1      | Reached skill level 1 in Staves
   912 | D:1      | Reached skill level 1 in Slings
   912 | D:1      | Reached skill level 1 in Bows
   912 | D:1      | Reached skill level 1 in Crossbows
   912 | D:1      | Reached skill level 1 in Stealth
   912 | D:1      | Reached skill level 1 in Shields
   912 | D:1      | Reached skill level 1 in Unarmed Combat
   912 | D:1      | Reached skill level 1 in Spellcasting
   912 | D:1      | Reached skill level 1 in Evocations
  1028 | D:2      | Noticed Natasha
  1040 | D:2      | Killed Natasha
  1040 | D:2      | Reached XP level 4. HP: 31/41 MP: 5/5
  1268 | D:2      | Found an iron altar of Okawaru.
  1270 | D:2      | Found a sparkling altar of Nemelex Xobeh.
  1270 | D:2      | Found a shimmering altar of Xom.
  1272 | D:2      | Found a glowing golden altar of the Shining One.
  1272 | D:2      | Found a sacrificial altar of Ru.
  1272 | D:2      | Found an iron altar of Okawaru.
  1409 | D:2      | Noticed Natasha
  1412 | D:2      | Reached skill level 1 in Conjurations
  1412 | D:2      | Reached skill level 1 in Hexes
  1412 | D:2      | Reached skill level 1 in Summonings
  1412 | D:2      | Reached skill level 1 in Necromancy
  1412 | D:2      | Reached skill level 1 in Translocations
  1412 | D:2      | Reached skill level 1 in Transmutations
  1412 | D:2      | Reached skill level 1 in Fire Magic
  1412 | D:2      | Reached skill level 1 in Ice Magic
  1412 | D:2      | Reached skill level 1 in Air Magic
  1412 | D:2      | Reached skill level 1 in Earth Magic
  1412 | D:2      | Reached skill level 1 in Poison Magic
  1419 | D:2      | Killed Natasha
  1422 | D:2      | Reached XP level 5. HP: 29/47 MP: 6/6
  2216 | D:3      | Found a shadowy altar of Dithmenos.
  2546 | D:3      | Found an ornate altar of the Wu Jian Council.
  2907 | D:3      | Noticed a moth of wrath
  2909 | D:3      | Found a bloodstained altar of Trog.
  2917 | D:3      | Reached XP level 6. HP: 53/53 MP: 8/8
  3397 | D:4      | Reached skill level 5 in Throwing
  3654 | D:4      | Found a glowing drain.
  3697 | Sewer    | Entered a sewer
  4272 | Sewer    | Found a glowing silver altar of Zin.
  4419 | D:4      | Reached XP level 7. HP: 46/59 MP: 10/10
  5073 | D:5      | Entered Level 5 of the Dungeon
  5151 | D:5      | Noticed Duvessa
  5151 | D:5      | Noticed Dowan
  5174 | D:5      | Killed Dowan
  5175 | D:5      | Noticed Grinder
  5205 | D:4      | Killed Duvessa
  5488 | D:5      | Paralysed by Grinder for 2 turns
  5645 | D:4      | Killed Grinder
  5645 | D:4      | Reached XP level 8. HP: 33/67 MP: 10/12
  7061 | D:5      | Noticed Edmund
  7193 | D:5      | Killed Edmund
  7448 | D:6      | Got a steaming marble ring
  7449 | D:6      | Identified the ring of Sudo {rPois AC+4 Dex+5 Slay+3} (You
                  | found it on level 6 of the Dungeon)
  8190 | D:6      | You fall into a shaft and drop 2 floors!
  8208 | D:8      | Found a shimmering blue altar of Sif Muna.
  8282 | D:8      | Noticed a hippogriff
  8305 | D:8      | Killed a hippogriff
  8305 | D:8      | Reached XP level 9. HP: 62/73 MP: 14/14
  8417 | D:8      | Found an opulent altar of Gozag.
  8709 | D:7      | Found a staircase to the Ecumenical Temple.
  8718 | Temple   | Entered the Ecumenical Temple
  8758 | Temple   | Became a worshipper of Qazlal Stormbringer
  8925 | D:7      | Identified the cursed +3 long sword "Plog" {vorpal, rPois
                  | rF- Int+3}
  9143 | D:7      | Reached skill level 5 in Armour
  9143 | D:7      | Reached skill level 5 in Dodging
  9664 | D:7      | Noticed Maggie
  9681 | D:7      | Killed Maggie
  9810 | D:8      | Noticed Gastronok
 10159 | D:8      | Reached skill level 5 in Invocations
 10576 | D:8      | Noticed a hornet
 10585 | D:8      | Killed a hornet
 10839 | D:9      | Reached * piety under Qazlal
 10882 | D:9      | Reached XP level 10. HP: 76/80 MP: 17/17
 10892 | D:9      | Found a burning altar of Makhleb.
 11295 | D:7      | Killed Gastronok
 11295 | D:7      | Reached skill level 5 in Long Blades
 11295 | D:7      | Reached skill level 5 in Axes
 11295 | D:7      | Reached skill level 5 in Maces & Flails
 11295 | D:7      | Reached skill level 5 in Polearms
 11295 | D:7      | Reached skill level 5 in Staves
 11295 | D:7      | Reached skill level 5 in Slings
 11295 | D:7      | Reached skill level 5 in Bows
 11295 | D:7      | Reached skill level 5 in Crossbows
 11295 | D:7      | Reached skill level 5 in Stealth
 11295 | D:7      | Reached skill level 5 in Shields
 11295 | D:7      | Reached skill level 5 in Unarmed Combat
 11295 | D:7      | Reached skill level 5 in Spellcasting
 11295 | D:7      | Reached skill level 5 in Evocations
 11925 | D:10     | Entered Level 10 of the Dungeon
 11926 | D:10     | Noticed Grum
 12050 | D:10     | Reached ** piety under Qazlal
 12316 | D:10     | Killed Grum
 12316 | D:10     | Reached XP level 11. HP: 87/87 MP: 19/19
 12325 | D:10     | Found Guimoese's Antique Weapon Shop.
 12402 | D:10     | Found Mateas's Book Shoppe.
 12530 | D:10     | Killed an unseen horror
 12851 | D:10     | Found Hyvalug's Distillery.
 12859 | D:10     | Bought a potion of heal wounds for 70 gold pieces
 12859 | D:10     | Bought a potion of might for 56 gold pieces
 12873 | D:10     | Reached skill level 5 in Conjurations
 12873 | D:10     | Reached skill level 5 in Hexes
 12873 | D:10     | Reached skill level 5 in Summonings
 12873 | D:10     | Reached skill level 5 in Necromancy
 12873 | D:10     | Reached skill level 5 in Translocations
 12873 | D:10     | Reached skill level 5 in Transmutations
 12873 | D:10     | Reached skill level 5 in Fire Magic
 12873 | D:10     | Reached skill level 5 in Ice Magic
 12873 | D:10     | Reached skill level 5 in Air Magic
 12873 | D:10     | Reached skill level 5 in Earth Magic
 12873 | D:10     | Reached skill level 5 in Poison Magic
 12988 | D:10     | Found a transporter.
 12991 | D:10     | Noticed Valentain's ghost (novice OpIE)
 12994 | D:10     | Noticed Fannar
 13030 | D:10     | Killed Fannar
 13382 | D:10     | Found Yskoshru's Book Boutique.
 13571 | D:10     | Found a transporter.
 13573 | D:10     | Noticed a moth of wrath
 13634 | D:10     | Found Zeogru's Armour Boutique.
 14275 | D:11     | Noticed a fire dragon
 14301 | D:11     | Killed from afar by a fire dragon

Illustrated notes

Levels and vault maps discovered:
D:1:      mainiacjoe_arrival_reflecting_pool, layout_basic, minmay_statues_item,
          corner_web_ring
D:2:      layout_loops_ring, doesnt_xom_only_xom, uniq_natasha
D:3:      layout_loops_ring, old_standard_altar,
          nicolae_dithmenos_shadow_blocks, tgw_trog, minmay_crystal_room
D:4:      layout_loops_ring, portal_sewer_entry_a, grunt_ministairs_9,
          minivault_27
D:5:      layout_basic, uniq_edmund, uniq_grinder, uniq_duvessa
D:6:      layout_loops_corners
D:7:      layout_basic, minmay_temple_entry_mini_moons, uniq_maggie
D:8:      layout_loops_cross, led_sif_book, nicolae_overflow_crystal_walls,
          uniq_gastronok
D:9:      layout_roguey, nicolae_overflow_hidden_temple
D:10:     layout_loops_ring, serial_shops, nicolae_shop_waterfront, shop,
          nicolae_shop_trees, shop_statue, shop,
          gammafunk_ghost_berserking_beasts, uniq_fannar, uniq_grum
D:11:     layout_loops_ring, due_lair_maze_entry_diamond, serial_rivers,
          chequers_serial_rivers_micro_d, chequers_serial_rivers_large_b,
          chequers_serial_rivers_small_b, chequers_serial_rivers_small_a,
          chequers_serial_rivers_small_3, chequers_serial_rivers_micro_e,
          enter_bailey_3, uniq_erica
Temple:   regret_index_temple_waves

Skill      XL: |  1  2  3  4  5  6  7  8  9 10 11 |
---------------+----------------------------------+-----
Invocations    | 1 2 3 4 5 6 7 |  7.1
Long Blades    | 1 2 3 4 5 6 |  6.5
Axes           | 1 2 3 4 5 6 |  6.5
Maces & Flails | 1 2 3 4 5 6 |  6.5
Polearms       | 1 2 3 4 5 6 |  6.5
Staves         | 1 2 3 4 5 6 |  6.5
Slings         | 1 2 3 4 5 6 |  6.5
Bows           | 1 2 3 4 5 6 |  6.5
Crossbows      | 1 2 3 4 5 6 |  6.5
Stealth        | 1 2 3 4 5 6 |  6.5
Shields        | 1 2 3 4 5 6 |  6.5
Unarmed Combat | 1 2 3 4 5 6 |  6.5
Spellcasting   | 1 2 3 4 5 6 |  6.5
Evocations     | 1 2 3 4 5 6 |  6.5
Conjurations   | 1 2 3 4 5 |  5.3
Hexes          | 1 2 3 4 5 |  5.3
Summonings     | 1 2 3 4 5 |  5.3
Necromancy     | 1 2 3 4 5 |  5.3
Translocations | 1 2 3 4 5 |  5.3
Transmutations | 1 2 3 4 5 |  5.3
Fire Magic     | 1 2 3 4 5 |  5.3
Ice Magic      | 1 2 3 4 5 |  5.3
Air Magic      | 1 2 3 4 5 |  5.3
Earth Magic    | 1 2 3 4 5 |  5.3
Poison Magic   | 1 2 3 4 5 |  5.3
Armour         | 3 4 5 6 7 |  7.0
Dodging        | 3 4 5 6 7 |  7.0
Throwing       | 5 6 7 8 |  8.0
Fighting       | 7 8 9 |  9.3
Short Blades   | 7 8 9 |  9.3

Action                   |  1- 3 |  4- 6 |  7- 9 | 10-12 || total
-------------------------+-------+-------+-------+-------++-------
Melee: Short sword       |    32 |       |       |       ||    32
       Dagger            |    76 |   302 |   194 |       ||   572
       Bite              |    15 |    36 |    67 |    51 ||   169
       Punch             |       |     4 |     9 |       ||    13
       Spear             |       |       |   287 |   455 ||   742
       Unarmed           |       |       |     1 |       ||     1
Throw: Dart              |       |     8 |    34 |     5 ||    47
       Javelin           |       |       |       |     1 ||     1
       Throwing net      |       |       |       |     1 ||     1
       Boomerang         |       |       |       |     1 ||     1
Invok: Upheaval          |       |       |       |     2 ||     2
Evoke: Wand              |       |       |     5 |       ||     5
  Use: Potion            |       |       |     4 |     5 ||     9
       Scroll            |       |       |     3 |     9 ||    12
 Stab: Sleeping          |       |       |     3 |       ||     3
Armor: Ring mail         |    28 |     7 |       |       ||    35
       Plate armour      |       |   138 |    27 |       ||   165
       Scale mail        |       |       |   148 |    15 ||   163
       Chain mail        |       |       |       |   199 ||   199
Dodge: Dodged            |    50 |    51 |   200 |   114 ||   415
       Repelled          |       |       |       |     1 ||     1
Block: Kite shield       |       |       |     8 |   239 ||   247

Table legend: (Time is in decaauts)
 A = Elapsed time spent in this place.
 B = Non-inter-level travel time spent in this place.
 C = Inter-level travel time spent in this place.
 D = Time resting spent in this place.
 E = Time spent auto-exploring this place.
 F = Levels seen in this place.
 G = Mean time per level.
                   A        B        C        D        E       F      G
               +--------+--------+--------+--------+--------+-----+--------+
         Total |  14070 |  13416 |    654 |   2882 |   7850 |  13 | 1082.3 |
       Dungeon |  13295 |  12658 |    637 |   2520 |   7611 |  11 | 1208.6 |
        Temple |    129 |    112 |     17 |      0 |    105 |   1 |  129.0 |
         Sewer |    645 |    645 |      0 |    362 |    134 |   1 |  645.0 |
               +--------+--------+--------+--------+--------+-----+--------+

Top non-repeatable levels by time:
     D:4: 2239 daAuts
    D:10: 1555 daAuts
     D:7: 1244 daAuts
     D:9: 1194 daAuts
     D:8: 1194 daAuts
     D:5: 1153 daAuts
     D:3: 1123 daAuts
     D:2: 1100 daAuts
     D:6: 1077 daAuts
     D:1: 980 daAuts
   Sewer: 645 daAuts
    D:11: 431 daAuts
  Temple: 129 daAuts
